Map: Romanticide LE

Players

BratOK (Brat_OK) - Winner!

  • Race: Terran Terran
  • League: Grandmaster

Geralt (Gerald)

  • Race: Protoss Protoss
  • League: Grandmaster

Event: DreamHack SC2 Masters 2021 Summer

VOD

Have the link to the VOD?

Description

Time

  • Played on: May 30, 2021, 12:11 p.m.
  • Length: 20:09

All games in this series

Show
View Real Time Build Order
Export as new Build Order

BratOK Terran - Winner!

Build Orders:  

Get SALT Encoding   

  12  0:00  SCV  
  13  0:12  SCV  
  14  0:17  Supply Depot  
  14  0:25  SCV  
  15  0:38  SCV  
  15  0:40  Barracks  
  16  0:44  Refinery  
  16  0:50  SCV  
  17  1:03  SCV  
  18  1:15  SCV  
  19  1:27  Orbital Command, Marine  
  20  1:45  Command Center  
  20  1:53  SCV  
  21  1:55  Factory  
  21  2:06  Barracks Reactor, Supply Depot  
  21  2:07  SCV  
  22  2:20  SCV, Bunker  
  23  2:23  Refinery  
  23  2:32  SCV  
  24  2:39  Hellion  
  24  2:42  Starport  
  24  2:43  Marine  
  24  2:44  Marine  
  27  2:47  SCV  
  29  2:59  SCV  
  29  3:00  Orbital Command  
  29  3:05  Hellion  
  32  3:11  SCV  
  33  3:14  Marine x2  
  35  3:20  Medivac  
  35  3:26  Hellion  
  39  3:27  Supply Depot  
  39  3:31  SCV x2  
  39  3:33  Marine  
  42  3:38  Marine  
  43  3:43  SCV  
  43  3:48  Factory Tech Lab  
  44  3:50  SCV  
  44  3:51  Marine  
  44  3:53  Starport Tech Lab  
  44  3:55  SCV  
  47  3:56  Marine  
  47  4:02  SCV  
  49  4:07  SCV, Siege Tank  
  49  4:09  Marine  
  54  4:14  SCV, Marine  
  54  4:19  SCV  
  54  4:23  Supply Depot  
  53  4:24  Barracks  
  53  4:27  Marine  
  54  4:44  SCV x2, Raven, Marine x2  
  60  4:53  Supply Depot  
  60  4:57  SCV x2  
  62  5:07  Marine x2, Siege Tank  
  62  5:09  Refinery, SCV x2  
  69  5:15  Supply Depot  
  69  5:17  Barracks  
  69  5:20  Engineering Bay  
  69  5:21  SCV x2  
  71  5:24  Marine x2  
  69  5:33  SCV x2  
  69  5:38  Supply Depot  
  69  5:40  Refinery, Starport Reactor  
  69  5:42  Marine  
  70  5:45  SCV x2  
  70  5:46  Terran Infantry Weapons Level 1  
  70  5:48  Missile Turret  
  72  5:51  Missile Turret  
  72  5:52  Factory Reactor  
  72  5:53  Marine x2  
  72  5:56  Stimpack  
  74  5:57  SCV x2  
  74  6:01  Supply Depot  
  76  6:04  Supply Depot  
  76  6:09  SCV x2  
  78  6:12  Combat Shield  
  78  6:14  Marauder x2  
  82  6:21  SCV  
  83  6:26  SCV  
  83  6:30  Marine x2  
  81  6:33  SCV  
  81  6:35  Marauder x2  
  81  6:37  Widow Mine x2, Medivac  
  88  6:50  Medivac  
  88  6:54  Command Center  
  90  6:59  Widow Mine, Supply Depot x2  
  92  7:05  Marauder, Marine  
  92  7:07  SCV  
  94  7:09  Medivac  
  94  7:13  Marauder  
  97  7:26  Widow Mine x2  
  101  7:33  Barracks, Supply Depot  
  101  7:35  Barracks, Supply Depot  
  101  7:44  Medivac x2  
  105  7:45  Terran Infantry Armor Level 1  
  105  7:46  Marauder, Marine  
  108  7:52  Widow Mine x2  
  108  7:53  SCV  
  108  7:54  SCV  
  113  8:01  Marine  
  113  8:02  Marauder  
  113  8:04  Marine  
  117  8:07  SCV x2, Marauder, Orbital Command  
  121  8:18  Medivac x2  
  121  8:19  Widow Mine  
  120  8:31  Marauder  
  120  8:34  Marauder, Marine  
  104  8:41  Barracks Tech Lab, Marine  
  104  8:42  Barracks Reactor  
  104  8:43  SCV  
  104  8:45  SCV  
  75  8:48  Medivac x2  
  95  8:51  Orbital Command  
  95  8:52  Marauder  
  95  8:55  Marauder  
  93  9:00  Ghost Academy  
  93  9:01  Marine x2  
  99  9:03  Widow Mine x2  
  99  9:12  SCV x2  
  99  9:14  Marauder  
  99  9:17  Marauder x2  
  107  9:19  Marine x2  
  109  9:24  SCV  
  109  9:25  SCV  
  109  9:27  Supply Depot  
  109  9:28  Marine x2, Supply Depot  
  113  9:35  SCV, Marauder  
  113  9:37  Widow Mine x2, Marine, Medivac  
  113  9:38  Marauder  
  125  9:40  Marauder, Marine  
  125  9:42  Concussive Shells  
  120  9:47  SCV  
  121  9:57  Marauder, Enhanced Shockwaves  
  121  9:59  Marauder  
  125  10:01  Ghost  
  125  10:05  SCV x2  
  125  10:06  Missile Turret  
  129  10:12  Armory  
  129  10:13  Engineering Bay  
  129  10:14  Refinery x2  
  129  10:16  Marine x3  
  129  10:17  Ghost  
  129  10:20  SCV, Missile Turret  
  129  10:21  Marauder, Missile Turret  
  118  10:28  Marine  
  118  10:30  Marauder  
  116  10:37  Marine  
  116  10:41  Marine  
  116  10:42  Marauder, Marine  
  102  10:46  Marauder  
  102  10:49  Widow Mine, Liberator  
  108  10:50  Widow Mine, Ghost  
  113  11:03  Ghost  
  115  11:05  Terran Infantry Armor Level 2, Terran Infantry Weapons Level 2  
  115  11:06  Marine x2  
  115  11:07  Marine x2  
  115  11:08  Marauder  
  121  11:15  Liberator  
  121  11:16  Widow Mine  
  126  11:20  Marauder  
  126  11:24  Marine x4, Supply Depot  
  132  11:26  SCV, Command Center  
  132  11:29  Marauder  
  132  11:32  Marauder  
  137  11:41  Marine  
  137  11:42  Marine x3  
  137  11:44  Marine  
  142  11:51  Marauder, Medivac  
  142  11:52  Widow Mine x2  
  142  11:53  Marauder  
  151  11:56  SCV x2  
  151  11:58  Marine  
  151  12:00  Marine  
  155  12:03  Medivac  
  155  12:06  Marine x2  
  158  12:12  Marauder  
  158  12:13  Widow Mine  
  158  12:15  Widow Mine, Marauder  
  164  12:16  Barracks  
  164  12:17  Barracks  
  164  12:18  Barracks  
  160  12:25  Command Center  
  153  12:32  Marauder  
  153  12:33  Marauder  
  153  12:35  Widow Mine  
  155  12:38  Marauder, Marine x2  
  155  12:43  Marine  
  145  12:53  SCV x2  
  145  12:54  Marauder  
  145  12:55  Marauder, Marine  
  145  12:56  Marine, Medivac  
  145  12:57  Widow Mine x2, Medivac  
  161  12:59  Marauder  
  161  13:04  Barracks Tech Lab x2  
  161  13:05  Supply Depot  
  163  13:07  Supply Depot  
  163  13:11  Barracks Reactor  
  163  13:15  Marauder  
  163  13:16  Marauder  
  162  13:22  Marine  
  162  13:23  Terran Infantry Weapons Level 3, Marauder x2  
  166  13:31  Marauder  
  165  13:36  SCV x2  
  162  13:57  SCV x2  
  162  13:58  Missile Turret  
  164  14:04  Viking x2  
  164  14:05  Widow Mine x2  
  164  14:06  Marauder x2, Marine  
  177  14:12  Planetary Fortress  
  177  14:28  Marauder, Marine x2  
  177  14:29  Marauder  
  182  14:33  Marauder, Marine  
  157  14:39  Marauder  
  157  14:41  Marauder, Marine  
  157  14:43  Marine  
  145  14:46  Marine  
  145  14:48  Marine  
  145  14:50  Marauder x2  
  136  14:56  Marauder, Marine  
  137  15:00  SCV  
  137  15:01  SCV  
  134  15:07  Orbital Command  
  134  15:08  Marine  
  134  15:09  Marauder  
  131  15:18  Marauder  
  131  15:21  Marauder  
  120  15:30  SCV  
  120  15:35  Liberator  
  119  15:38  Marauder  
  119  15:41  SCV x2  
  119  15:42  SCV  
  123  15:46  Marine  
  124  15:52  Liberator  
  124  15:53  Widow Mine  
  129  16:05  Starport  
  129  16:06  Widow Mine  
  129  16:07  Marine  
  130  16:18  Medivac  
  130  16:23  Marauder  
  129  16:27  Marauder  
  126  16:33  Marauder, Marine  
  126  16:38  Marine  
  126  16:39  Marauder x2  
  130  16:44  Marauder  
  124  16:48  Marauder, Marine  
  124  16:49  Medivac  
  124  16:52  Medivac  
  127  16:55  Marauder  
  127  17:00  Marauder  
  123  17:08  Marauder x2  
  107  17:15  Marauder  
  107  17:19  Marauder  
  109  17:25  SCV x2  
  105  17:37  SCV  
  105  17:39  Medivac x2  
  105  17:40  Widow Mine x2  
  114  17:46  Marauder, Marine x3  
  114  17:47  Marauder  
  121  17:52  Marauder x2  
  121  17:58  Orbital Command  
  120  18:13  Marauder x2, Marine  
  120  18:14  Marauder x2  
  120  18:15  Liberator x2  
  120  18:16  Starport Reactor  
  135  18:21  Marauder  
  137  18:37  Marauder x4, Marine  
  143  18:42  Marauder  
  143  18:44  Widow Mine x2  
  143  18:46  SCV x2  
  143  18:48  SCV  
  152  18:58  Liberator  
  155  19:09  Marauder  
  142  19:13  Marauder x2, Marine  
  141  19:23  Marauder  
  143  19:24  Marauder  
  145  19:32  Refinery  
  145  19:33  Refinery, SCV x3  
  144  19:39  Viking x2  
  144  19:45  SCV x2  
  150  19:46  Marauder x2, Marine  
Show
View Real Time Build Order
Export as new Build Order

Geralt Protoss 

Build Orders: 1 Gate Expand, Oracle Opening 

Get SALT Encoding   

  12  0:00  Probe  
  13  0:12  Probe  
  14  0:17  Pylon  
  14  0:25  Probe (Chrono Boost)  
  16  0:36  Gateway  
  16  0:37  Probe (Chrono Boost)  
  16  0:43  Probe (Chrono Boost)  
  16  0:49  Assimilator  
  17  0:51  Probe  
  18  1:03  Probe  
  19  1:15  Probe  
  20  1:24  Cybernetics Core  
  20  1:28  Probe  
  21  1:35  Nexus  
  21  1:45  Pylon  
  21  1:46  Probe  
  22  1:52  Assimilator  
  21  1:58  Probe  
  22  2:01  Stalker (Chrono Boost)  
  24  2:10  Probe  
  25  2:22  Probe  
  26  2:30  Stargate, Adept (Chrono Boost)  
  26  2:34  Probe  
  29  2:46  Probe  
  29  2:48  Probe  
  29  2:49  Warp Gate  
  31  2:53  Adept  
  34  2:58  Probe  
  34  3:00  Probe  
  35  3:10  Probe  
  35  3:12  Probe  
  37  3:14  Oracle (Chrono Boost)  
  40  3:22  Probe  
  40  3:24  Probe  
  42  3:27  Gateway  
  42  3:30  Gateway  
  42  3:34  Probe  
  42  3:36  Probe  
  44  3:41  Twilight Council  
  44  3:47  Probe  
  44  3:48  Probe  
  46  3:49  Pylon  
  46  4:07  Probe x2  
  46  4:08  Nexus  
  48  4:21  Blink (Chrono Boost)  
  48  4:22  Probe x2  
  48  4:25  Shield Battery  
  48  4:30  Assimilator  
  48  4:31  Pylon  
  48  4:34  Probe x2  
  48  4:37  Stalker  
  49  4:40  Adept  
  49  4:41  Stalker  
  47  4:46  Probe (Chrono Boost)  
  47  4:51  Probe (Chrono Boost)  
  47  4:52  Phoenix (Chrono Boost)  
  48  4:57  Probe (Chrono Boost)  
  52  5:01  Probe (Chrono Boost)  
  52  5:02  Probe (Chrono Boost)  
  53  5:08  Stalker  
  53  5:09  Stalker  
  57  5:19  Probe (Chrono Boost)  
  57  5:20  Probe (Chrono Boost)  
  60  5:22  Probe (Chrono Boost)  
  62  5:29  Probe (Chrono Boost)  
  62  5:30  Probe (Chrono Boost)  
  62  5:31  Probe (Chrono Boost)  
  62  5:33  Stalker x2  
  62  5:34  Probe  
  67  5:39  Probe  
  67  5:41  Probe  
  70  5:46  Probe  
  70  5:49  Gateway, Forge  
  71  5:50  Gateway  
  71  5:53  Stalker  
  71  5:55  Probe (Chrono Boost)  
  75  5:58  Probe (Chrono Boost)  
  75  5:59  Probe (Chrono Boost)  
  76  6:06  Gateway  
  76  6:07  Probe (Chrono Boost)  
  76  6:11  Pylon  
  77  6:12  Pylon  
  77  6:28  Probe x2  
  77  6:31  Protoss Ground Armor Level 1  
  75  6:35  Probe (Chrono Boost), Stalker  
  74  6:40  Probe (Chrono Boost)  
  74  6:41  Templar Archives  
  74  6:45  Probe (Chrono Boost), Charge (Chrono Boost)  
  77  6:47  Zealot x4  
  77  6:51  Probe (Chrono Boost)  
  77  6:52  Gateway  
  77  6:53  Gateway  
  77  6:54  Probe (Chrono Boost), Pylon  
  87  6:56  Psionic Storm, Assimilator  
  87  6:58  Probe  
  87  6:59  Assimilator  
  87  7:09  Probe x2  
  87  7:11  Shield Battery  
  87  7:13  Probe  
  87  7:15  Pylon, Shield Battery x2  
  90  7:18  Pylon  
  90  7:21  Probe  
  91  7:25  High Templar  
  91  7:29  Probe x2  
  95  7:31  Assimilator  
  95  7:33  Pylon  
  95  7:34  Pylon  
  95  7:35  High Templar, Zealot x2  
  95  7:36  Pylon  
  101  7:41  Probe  
  99  7:44  Zealot x2  
  99  7:49  Photon Cannon  
  103  7:52  Robotics Facility  
  103  7:58  Zealot x4  
  111  8:01  Photon Cannon  
  111  8:07  Zealot x3  
  111  8:10  Stalker  
  111  8:12  Probe (Chrono Boost)  
  115  8:14  Probe (Chrono Boost)  
  115  8:18  Stalker  
  115  8:19  Stalker  
  120  8:20  Probe (Chrono Boost)  
  104  8:28  Archon  
  104  8:31  Zealot x5  
  99  8:44  Zealot x2  
  87  8:52  Stalker x2  
  87  8:53  High Templar x3, Warp Prism (Chrono Boost), Stalker  
  87  8:55  Probe  
  100  8:58  Probe x2  
  102  9:07  Probe  
  103  9:10  Zealot x2  
  103  9:14  Pylon  
  107  9:19  High Templar x3  
  107  9:21  Protoss Ground Weapons Level 1 (Chrono Boost)  
  107  9:23  Observer (Chrono Boost)  
  114  9:30  Nexus  
  114  9:32  Pylon  
  114  9:38  Probe  
  114  9:39  Probe, Pylon  
  114  9:40  Photon Cannon  
  114  9:45  Probe  
  117  9:51  Pylon  
  117  10:04  High Templar, Zealot, Stalker x5  
  117  10:06  Zealot  
  131  10:13  Probe (Chrono Boost)  
  131  10:16  Pylon  
  131  10:17  Robotics Bay  
  131  10:18  Probe (Chrono Boost)  
  132  10:24  Probe (Chrono Boost)  
  122  10:29  Archon  
  110  10:39  Archon  
  98  10:47  Zealot x4, Stalker x4  
  98  10:49  Pylon  
  108  10:53  Probe  
  108  10:54  Probe  
  108  10:55  Probe  
  108  10:56  Robotics Facility  
  111  11:05  Probe  
  111  11:06  Probe  
  111  11:07  Probe  
  111  11:08  High Templar  
  111  11:09  High Templar x3  
  111  11:11  Disruptor (Chrono Boost)  
  122  11:12  Photon Cannon  
  122  11:13  Shield Battery  
  125  11:25  Probe x2  
  125  11:28  Assimilator  
  125  11:31  Assimilator  
  126  11:34  Photon Cannon  
  126  11:35  Probe, Pylon  
  126  11:36  Protoss Ground Weapons Level 2 (Chrono Boost), Colossus (Chrono Boost)  
  126  11:37  Probe, Extended Thermal Lance  
  134  11:54  Zealot x6  
  134  11:55  Colossus (Chrono Boost), Zealot x2  
  145  12:23  Stalker x4  
  133  12:35  Zealot x3  
  132  12:38  Zealot  
  132  12:39  Void Ray (Chrono Boost)  
  132  12:47  Stalker x2  
  132  12:48  Stalker x2  
  142  12:51  Probe  
  142  12:52  Probe x2  
  145  13:08  Colossus x2  
  145  13:11  Zealot  
  145  13:12  Zealot x7  
  173  13:30  Probe  
  173  13:32  Stalker x3  
  173  13:33  Stalker  
  179  13:34  Stalker x4  
  177  13:46  Probe  
  177  13:47  Probe  
  171  13:55  Nexus  
  171  14:01  Colossus (Chrono Boost)  
  177  14:03  Zealot x4  
  177  14:04  Zealot  
  177  14:06  Pylon  
  183  14:26  Zealot x6  
  173  14:41  Archon  
  173  14:42  Disruptor (Chrono Boost)  
  149  14:52  Colossus (Chrono Boost)  
  113  14:53  Stalker x5  
  113  14:58  Zealot x2  
  113  14:59  Zealot  
  123  15:16  Stalker  
  123  15:17  Stalker x4  
  123  15:19  Zealot  
  105  15:31  Probe, Colossus (Chrono Boost)  
  105  15:32  Probe  
  105  15:35  Robotics Facility  
  111  15:43  High Templar x8  
  111  15:48  Archon x3  
  111  15:49  Probe  
  128  15:52  Photon Cannon  
  128  15:57  Probe x2  
  126  16:18  Zealot x3  
  126  16:19  Zealot x5  
  135  16:30  Probe, Disruptor (Chrono Boost)  
  135  16:32  Photon Cannon  
  133  16:39  Stalker x3  
  133  16:40  Stalker  
  133  16:44  Probe  
  136  16:52  Robotics Facility  
  136  16:54  Robotics Facility  
  136  16:56  Zealot x3  
  138  17:04  Colossus (Chrono Boost)  
  127  17:09  High Templar x3  
  123  17:16  Archon  
  123  17:21  Zealot x4  
  124  17:26  Probe  
  123  17:32  Assimilator  
  123  17:33  Assimilator  
  123  17:41  Gateway x2  
  123  17:43  Gateway  
  126  17:48  Zealot x2  
  126  17:49  Zealot x2  
  126  17:50  Disruptor  
  134  17:57  Stalker  
  132  18:07  Disruptor, Cybernetics Core  
  132  18:08  Disruptor  
  136  18:13  Gateway  
  136  18:17  Zealot x2  
  136  18:26  Disruptor  
  139  18:32  Probe  
  140  18:43  Colossus  
  140  18:45  Probe  
  140  18:46  Cybernetics Core  
  147  18:50  Templar Archives, Gateway  
  147  18:51  Zealot x3  
  153  18:56  Zealot  
  153  18:57  Zealot x4  
  145  19:13  Disruptor  
  138  19:19  Zealot x4  
  125  19:32  High Templar  
  125  19:33  High Templar x4  
  139  19:40  Stalker  
  139  19:44  Archon  
  139  19:45  High Templar x3  
  144  19:51  Archon  
  144  19:52  Stalker  
  141  20:06  Archon  
Tags
 
Add a new tag
Caveats
  • Supply blocks, unpowered buildings, or Contaminate may cause inaccurate times.
  • Supply counts are checked every 10 seconds.